 Dungeon Crawl Stone Soup version 0.22-a0-609-gfedc9ff (webtiles) character file.

36 Dancorps13 the Chiller (level 3, 24/24 HPs)
             Began as a Human Ice Elementalist on July 8, 2018.
             Got out of the dungeon alive.
             The game lasted 00:17:41 (1746 turns).

Dancorps13 the Chiller (Human Ice Elementalist)     Turns: 1746, Time: 00:17:42

Health: 24/24      AC:  3    Str:  8    XL:     3   Next: 57%
Magic:  6/6        EV: 12    Int: 16    God:
Gold:   126        SH:  0    Dex: 13    Spells: 1/7 levels left

rFire    . . .     SeeInvis .   b - -2 club (curse)
rCold    . . .     Gourm    .   (no shield)
rNeg     . . .     Faith    .   o - +0 robe
rPois    .         Spirit   .   (no helmet)
rElec    .         Reflect  .   (no cloak)
rCorr    .         Harm     .   d - +0 pair of gloves
MR       .....                  (no boots)
Stlth    ++........             (no amulet)
HPRegen  0.08/turn              (no ring)
MPRegen  0.10/turn              (no ring)

@: no status effects
A: no striking features
a: no special abilities


You escaped.
You were not hungry.

You visited 1 branch of the dungeon, and saw 2 of its levels.

You collected 126 gold pieces.

Inventory:

Hand Weapons
 b - a cursed -2 club (weapon)
 e - a +0 dagger
Armour
 a - a +0 robe
 d - a +0 pair of gloves (worn)
 f - a +0 robe
 o - a +0 robe (worn)
Jewellery
 g - an uncursed ring of positive energy {unknown}
Scrolls
 j - a scroll of enchant armour {unknown}
 k - 3 scrolls of immolation {unknown}
 l - a scroll of blinking {unknown}
 m - a scroll of identify {unknown}
 n - a scroll of teleportation {unknown}
Potions
 h - a potion of brilliance {unknown}
 i - a potion of degeneration {unknown}
Comestibles
 c - 6 rations


   Skills:
 - Level 0.1 Maces & Flails
 + Level 2.0 Dodging
 + Level 2.2 Stealth
 + Level 2.6 Spellcasting
 + Level 1.0 Conjurations
 + Level 0.0 Charms
 * Level 3.6 Ice Magic


You had one spell level left.
You knew the following spells:

 Your Spells              Type           Power        Failure   Level  Hunger
a - Freeze                Ice            ##..         4%          1    #......
b - Throw Frost           Conj/Ice       #.....       11%         2    ##.....
c - Ozocubu's Armour      Chrm/Ice       #.......     28%         3    ###....

Your spell library contained the following spells:

 Spells                   Type           Power        Failure   Level  Hunger
 Summon Ice Beast         Ice/Summ       #.......     67%         4    #####..
 Throw Icicle             Conj/Ice       #.......     58%         4    #####..


Dungeon Overview and Level Annotations

Branches:
Dungeon (2/15)

Altars:
Ashenzari
Nemelex Xobeh
Okawaru
Uskayaw


Message History

Welcome back, Dancorps13 the Human Ice Elementalist.
Press ? for a list of commands and other information.
Cast which spell? (? or * to list)
Okay, then.
Okay, then.
You see here 19 arrows.
There is an escape hatch in the ceiling here.
You can't go down here!
A mysterious force pulls you upwards. The hatch slams shut behind you.
There is an open door here.
You enter the shallow water.
Moving in this stuff is going to be slow.
You open the door.
There is an open door here.
There is an open door here.
There is a large open door here.
There is a staircase leading out of the dungeon here.
Unknown command.
Are you sure you want to leave the Dungeon?
This will make you lose the game!
You have escaped!

.....≈≈≈≈≈≈≈≈≈≈≈≈≈≈≈≈≈≈≈≈≈≈≈....#
.....≈≈≈≈≈≈≈≈≈≈≈≈≈≈≈≈≈≈≈≈≈≈≈....#
.....≈≈≈#+#+#≈≈≈≈≈≈≈#'#'#≈≈≈.....
.....≈≈≈+(..##+###'##...'≈≈≈.....
.....≈≈≈+...'.......'...'≈≈≈.....
.....≈≈≈#+###.#####.###+#≈≈≈.....
.....≈≈≈≈≈+...#...#...#≈≈≈≈......
.....≈≈≈≈≈#.###...'.⌠.'≈≈≈..⌠...#
.....≈≈≈≈≈#.###.@.'.⌠.'≈≈≈..⌠...#
.....≈≈≈≈≈'..)#...#...#≈≈≈≈.....#
.....≈≈≈#'###.#####.#'#+#≈≈≈....#
.....≈≈≈'...#.......#...+≈≈≈....#
.....≈≈≈'>..##+###+##...+≈≈≈....#
.....≈≈≈#+#+#≈≈≈≈≈≈≈#+#+#≈≈≈....#
.....≈≈≈≈≈≈≈≈≈≈≈≈≈≈≈≈≈≈≈≈≈≈≈....#
.....≈≈≈≈≈≈≈≈≈≈≈≈≈≈≈≈≈≈≈≈≈≈≈....#
.....≈≈≈≈≈≈≈≈≈≈≈≈≈≈≈≈≈≈≈≈≈≈≈....#


There were no monsters in sight!

Vanquished Creatures
  An ooze (D:1)
  A leopard gecko (D:2)
  8 bats
  A giant cockroach (D:2)
  2 goblins
  7 hobgoblins
  2 kobolds (D:1)
  A frilled lizard (D:2)
  4 rats
27 creatures vanquished.

Notes
Turn   | Place    | Note
-------+----------+-------------------------------------------
     0 | D:1      | Dancorps13 the Human Ice Elementalist began the quest for the Orb.
     0 | D:1      | Reached XP level 1. HP: 13/13 MP: 3/3
   168 | D:1      | Reached XP level 2. HP: 15/19 MP: 0/5
   244 | D:1      | Learned a level 2 spell: Throw Frost
   927 | D:1      | Reached XP level 3. HP: 24/24 MP: 3/6
  1598 | D:2      | Found an iron altar of Okawaru.
  1609 | D:2      | Found a shattered altar of Ashenzari.
  1631 | D:2      | Found a hide-covered altar of Uskayaw.
  1652 | D:2      | Found a sparkling altar of Nemelex Xobeh.
  1662 | D:2      | Learned a level 3 spell: Ozocubu's Armour
  1662 | D:2      | Upgraded the game from 0.22-a0-605-g9281fa2 to 0.22-a0-609-gfedc9ff
  1746 | D:$      | Got out of the dungeon alive.

Vault maps used:
D:1:      dpeg_arrival_castle
D:2:      grunt_temple_overflow_cloverleaf, bloody_makhleb

Action                   || total
-------------------------++-------
Melee: Club              ||    15
 Cast: Freeze            ||    19
       Throw Frost       ||    21
  Eat: Chunk             ||     4
Armor: Robe              ||    10
Dodge: Dodged            ||    22

Table legend:
 A = Spawn XP
 B = Non-spawn XP
 C = Spawn XP percentage of total XP
 D = Spawn monster count
 E = Non-spawn monster count
 F = Spawn count percentage of total count
 G = Total turns spent on level
                    A         B        C        D         E        F      G
               +---------+---------+-------+---------+---------+-------+---------
         Total |       0 |      52 |   0.0 |       0 |      27 |   0.0 |  1746
               +---------+---------+-------+---------+---------+-------+---------
           D:1 |       0 |      36 |   0.0 |       0 |      18 |   0.0 |  1336
           D:2 |       0 |      16 |   0.0 |       0 |       9 |   0.0 |   410
               +---------+---------+-------+---------+---------+-------+---------
